AoeStats
← Rodrigo Lao Tse

Arabia

509213721Analyzed
1v1 RM · 7d ago on Sep 25, 2026· 26m 53s· 2 players
Game mode
Random Map
Map size
Tiny (2 player)
Population
200
Speed
Normal
Resources
Standard
Victory
Conquest
Starting age
Dark Age
Ending age
Imperial Age
RankedLock teamsTeams togetherTeam positionsShared explorationLock speedFull tech treeHidden civsTurbo modeCheats
Victory
Defeat
🇨🇱 Britons · Chile
875
+16
🇳🇮 Goths · Nicaragua
873
-16
Lio Messi
5:58 Loom
12:20 Feudal Age
15:49 Forging
16:58 Scale Barding Armor
21:51 Castle Age
21:08 Double-Bit Axe
Rodrigo Lao Tse
9:10 Feudal Age
9:04 Loom
17:22 Double-Bit Axe
18:46 Fletching
Connection lost

Rejoining the realm…

Still unreachable

The connection could not be restored.

Session expired

The server has moved on; the page needs a fresh start.